 Dungeon Sprint DCSS version 0.30-a0-718-geaa24f58ff (webtiles) character file.

Game seed: 16884223975909733064

267711 rocky1 the Swordmaster (level 27, -6/323 HPs)
             Began as a Demonspawn Gladiator on Jan 25, 2023.
             Was an Initiate of Gozag.
             Killed by divine providence
             ... invoked by a daeva
              (10 damage)
             ... in the Dungeon (Sprint VI: "Thunderdome") on Jan 26, 2023.
             The game lasted 01:08:04 (6987 turns).

rocky1 the Swordmaster (Demonspawn Gladiator)       Turns: 6987, Time: 01:08:04

Health: -6/323     AC: 43    Str: 18    XL:     27
Magic:  34/34      EV: 39    Int:  8    God:    Gozag
Gold:   16892      SH:  0    Dex: 35    Spells: 31/33 levels left

rFire   + + .      SeeInvis +    p - +9 triple sword (freeze)
rCold   . . .      Faith    +    (shield currently unavailable)
rNeg    + + .      Spirit   .    X - +3 pearl dragon scales of the Barracuda {rF- rN+ Will+++ rCorr Stlth+}
rPois   +          Reflect  .    (helmet unavailable)
rElec   +          Harm     .    j - +4 dragonskin cloak
rCorr   +          Rampage  .    C - +2 pair of gloves of Hepliaklqana's Reproof {+Blink rC+ Int-3 SInv}
Will    +++++      NoTele   +    d - +2 pair of boots of Wasted Space {rF++ rC- Dex+5}
Stlth   ++                       n - amulet of the Serpent {Faith rElec Regen+}
HPRegen 1.53/turn                K - ring of Zasyg {rC+ rN+ Stlth+}
MPRegen 0.24/turn                c - ring of Jazexa {rF+ rC- MP+9 Dex+6 Slay+3}

@: gold aura, hasted, glowing, studying Earth Magic, very quick
A: antennae 3, slimy green scales 3, demonic guardian 3, ignite blood 3, robust
3, talons 1, thin skeletal structure 1, clumsy 1, deterioration 1, low MP 1,
screaming 1, evolution 1
}: 9/15 runes: serpentine, slimy, elven, silver, bone, glowing, magical, dark,
gossamer
a: Renounce Religion, Evoke Blink, Potion Petition, Call Merchant, Bribe Branch


You were in the Dungeon.
You worshipped Gozag.
Gozag was extremely pleased with you.
You visited 1 branch You collected 75045 gold pieces.
You spent 39469 gold pieces at shops.
You paid 18684 gold pieces to Gozag.

Inventory:

Hand Weapons
 p - a +9 triple sword of freezing (weapon)
 G - the +9 sword of Zonguldrok {reap}
   (You found it in the Dungeon)
 R - a +8 arbalest of flaming
Missiles
 s - 16 javelins (quivered)
 u - 4 silver javelins
Armour
 d - the +2 pair of boots of Wasted Space (worn) {rF++ rC- Dex+5}
   (You bought it in a shop in the Dungeon)

   Dex:       It affects your dexterity (+5).
   rF:        It greatly protects you from fire.
   rC:        It makes you vulnerable to cold.
 j - the +4 dragonskin cloak (worn)
   (You took it off Tiamat in the Dungeon)

   Avatar's Aegis: It grants the wearer a chance to resist fire, cold, poison,
   electricity, acid, and negative energy.
 y - +12 gold dragon scales
 C - the +2 pair of gloves of Hepliaklqana's Reproof (worn) {+Blink rC+ Int-3 SInv}
   (You bought it in a shop in the Dungeon)

   Int:       It affects your intelligence (-3).
   rC:        It protects you from cold.
   SInv:      It lets you see invisible.
   +Blink:    It lets you blink.
 X - the +3 pearl dragon scales of the Barracuda (worn) {rF- rN+ Will+++ rCorr Stlth+}
   (You bought it in a shop in the Dungeon)

   rF:        It makes you vulnerable to fire.
   rN:        It protects you from negative energy.
   rCorr:     It protects you from acid and corrosion.
   Will:      It greatly increases your willpower.
   Stlth:     It makes you more stealthy.
Jewellery
 c - the ring of Jazexa (right hand) {rF+ rC- MP+9 Dex+6 Slay+3}
   (You bought it in a shop in the Dungeon)

   [ring of dexterity]

   Dex:       It affects your dexterity (+6).
   Slay:      It affects your accuracy & damage with ranged weapons and melee
   (+3).
   rF:        It protects you from fire.
   rC:        It makes you vulnerable to cold.
   MP:        It affects your magic capacity (+9).
 m - the ring "Poinathi" {rF- rC+ Str+2 Int+3 Dex+6}
   (You bought it in a shop in the Dungeon)

   [ring of dexterity]

   Str:       It affects your strength (+2).
   Int:       It affects your intelligence (+3).
   Dex:       It affects your dexterity (+6).
   rF:        It makes you vulnerable to fire.
   rC:        It protects you from cold.
 n - the amulet of the Serpent (around neck) {Faith rElec Regen+}
   (You bought it in a shop in the Dungeon)

   [amulet of faith]

   It allows you to gain divine favour quickly.
   rElec:     It insulates you from electricity.
   Regen:     It increases your rate of health regeneration.
 v - the ring of Odwahieh {Ice Dex-4 Slay+5}
   (You bought it in a shop in the Dungeon)

   [ring of ice]

   It enhances your ice magic.
   Dex:       It affects your dexterity (-4).
   Slay:      It affects your accuracy & damage with ranged weapons and melee
   (+5).
   rF:        It makes you vulnerable to fire.
   rC:        It protects you from cold.
 J - the ring of Zarun {rElec rF+ rCorr Dex+4}
   (You bought it in a shop in the Dungeon)

   [ring of resist corrosion]

   Dex:       It affects your dexterity (+4).
   rF:        It protects you from fire.
   rElec:     It insulates you from electricity.
   rCorr:     It protects you from acid and corrosion.
 K - the ring of Zasyg (left hand) {rC+ rN+ Stlth+}
   (You bought it in a shop in the Dungeon)

   [ring of positive energy]

   rC:        It protects you from cold.
   rN:        It protects you from negative energy.
   Stlth:     It makes you more stealthy.
 L - the ring "Genul" {Fly rF++ Int+6}
   (You bought it in a shop in the Dungeon)

   [ring of intelligence]

   Int:       It affects your intelligence (+6).
   rF:        It greatly protects you from fire.
   Fly:       It grants you flight.
Wands
 e - a wand of polymorph (4)
 q - a wand of light (2)
Scrolls
 b - 4 scrolls of enchant armour
 k - 20 scrolls of blinking
 o - 8 scrolls of fog
 t - a scroll of amnesia
 E - a scroll of immolation
 F - a scroll of fear
 T - 5 scrolls of silence
 W - a scroll of identify
Potions
 f - 21 potions of curing
 g - 17 potions of heal wounds
 h - 30 potions of haste
 i - 2 potions of magic
 l - 22 potions of resistance
 r - 10 potions of might
 w - 9 potions of mutation
 x - 9 potions of attraction
 S - 2 potions of cancellation
Miscellaneous
 D - a tin of tremorstones (2/2)
 H - a lightning rod (4/4)
 Q - a quad damage
 U - a phial of floods


   Skills:
 O Level 27 Fighting
 O Level 27 Long Blades
 + Level 21.3 Ranged Weapons
 + Level 26.8 Throwing
 O Level 27 Armour
 O Level 27 Dodging
 - Level 3.6 Spellcasting
 O Level 27 Evocations


You had 31 spell levels left.
You knew the following spells:

 Your Spells              Type           Power      Damage    Failure   Level
a - Blink                 Tloc           2%         N/A       63%         2

Your spell library contained the following spells:

 Spells                   Type           Power      Damage    Failure   Level
 Ensorcelled Hibernation  Hex/Ice        2%         N/A       63%         2
 Lesser Beckoning         Tloc           2%         N/A       63%         2
 Momentum Strike          Conj/Tloc      2%         3d8       63%         2
 Passwall                 Tmut/Erth      0%         N/A       63%         2
 Gell's Gravitas          Tloc           1%         N/A       86%         3
 Inner Flame              Hex/Fire       1%         N/A       86%         3
 Kindle Blastsparks       Fire/Tloc/Air  2%         2d10      86%         3
 Ozocubu's Armour         Ice            1%         N/A       86%         3
 Swiftness                Air            1%         N/A       86%         3
 Teleport Other           Tloc           1%         N/A       86%         3
 Cause Fear               Hex            0%         N/A       99%         4
 Fulminant Prism          Conj/Hex       0%         3d5       99%         4
 Iskenderun's Mystic Bla  Conj/Tloc      1%         2d3       99%         4
 Leda's Liquefaction      Hex/Erth       0%         N/A       99%         4
 Passage of Golubria      Tloc           1%         N/A       99%         4
 Summon Lightning Spire   Summ/Air       1%         N/A       99%         4
 Iskenderun's Battlesphe  Conj           1%         2d6       100%        5
 Lee's Rapid Deconstruct  Erth           0%         3d4*      100%        5
 Silence                  Hex/Air        0%         N/A       100%        5
 Summon Forest            Summ/Tloc      0%         N/A       100%        5
 Summon Mana Viper        Hex/Summ       1%         N/A       100%        5
 Conjure Ball Lightning   Conj/Air       0%         3x3d6     100%        6
 Iron Shot                Conj/Erth      0%         9d1       100%        6
 Statue Form              Tmut/Erth      0%         N/A       100%        6
 Summon Cactus Giant      Summ           0%         N/A       100%        6
 Haunt                    Necr/Summ      0%         N/A       100%        7
 Malign Gateway           Summ/Tloc      0%         N/A       100%        7
 Ozocubu's Refrigeration  Ice            0%         4d7       100%        7
 Spellforged Servitor     Conj/Summ      0%         N/A       100%        7
 Storm Form               Tmut/Air       0%         N/A       100%        7
 Borgnjor's Revivificati  Necr           0%         N/A       100%        8
 Discord                  Hex            0%         N/A       100%        8
 Disjunction              Tloc           0%         N/A       100%        8
 Infestation              Necr           0%         N/A       100%        8
 Lehudib's Crystal Spear  Conj/Erth      0%         10d2      100%        8
 Maxwell's Capacitive Co  Air            0%         ∞         100%        8
 Necromutation            Tmut/Necr      0%         N/A       100%        8
 Summon Horrible Things   Summ           0%         N/A       100%        8
 Chain Lightning          Conj/Air       0%         2d1       100%        9
 Death's Door             Necr           0%         N/A       100%        9
 Fire Storm               Conj/Fire      0%         6d1       100%        9
 Shatter                  Erth           0%         3d5*      100%        9
 Animate Dead             Necr           Unusable   N/A       N/A         4

Dungeon Overview and Level Annotations

Branches:
Dungeon (1/1)

Altars:
Cheibriados
Dithmenos
Fedhas
Gozag
Kikubaaqudgha
Makhleb
Okawaru
Qazlal
Ru
Sif Muna
Trog
Uskayaw
Vehumet
Wu Jian
Xom
Yredelemnul
Lugonu

Shops:
D [?![?*?*=**=[([(***[[!!


Innate Abilities, Weirdness & Mutations

You have a pair of large antennae on your head. (SInv)
You are completely covered in slimy green scales. (AC +4, rPois)
A powerful demonic guardian rushes to your aid.
Your demonic aura causes all spilled blood to erupt in flames.
You are extremely robust. (+30% HP)
You have sharp toenails.
You have a somewhat thin skeletal structure. (Dex +2, Stealth+)
You are clumsy. (Dex -2)
Your body sometimes deteriorates upon taking damage.
Your magical capacity is low. (-10% MP)
You occasionally shout uncontrollably at your foes.
You have hidden genetic potential.


Message History

You cut the daeva into ribbons!!! You freeze the daeva!
You kill the daeva!
Your Executioner hits the daeva! Your Executioner hits the daeva.
Your Executioner hits the daeva!
The daeva calls down the wrath of the Shining One upon you.
The Shining One smites you!
* * * LOW HITPOINT WARNING * * *
The daeva closely misses you. The daeva barely misses you.
The daeva blocks your attack.
Your Executioner misses the daeva.
Your Executioner barely misses the daeva.
The daeva blocks your Executioner's attack.
Your Executioner hits the daeva!!
The daeva blocks your Executioner's attack.
Your Executioner barely misses the daeva.
You closely miss the daeva.
The daeva blocks your Executioner's attack.
Your Executioner hits the daeva. x2
The daeva calls down the wrath of the Shining One upon you.
The Shining One smites you!
* * * LOW HITPOINT WARNING * * *
A daeva comes into view.
It is wielding a +5 long sword of holy wrath.
You yell at the daeva!
The daeva calls down the wrath of the Shining One upon you.
The Shining One smites you!
* * * LOW HITPOINT WARNING * * *
The daeva misses you. The daeva completely misses you. The daeva misses you.
The daeva hits you but does no damage.
Unknown command.
Blink to where?
Press: ? - help, Dir - move target
As you read the scroll of blinking, it crumbles to dust.
The daeva blocks your Executioner's attack.
Your Executioner hits the daeva but does no damage.
The daeva blocks your Executioner's attack. x2
Your Executioner hits the daeva.
Your Executioner hits the daeva but does no damage.
The daeva calls down the wrath of the Shining One upon you.
The Shining One smites you!
You die...
Your body crumbles into a pile of gold.

#_§§§§§§._# #_.§§§§§[_#
#..AAA§§[_# ###[.§1∩.[[.###
#⌠[...§....[.[#
####.8....[..[.8)######
___[....A###.∩∩∩...._∩##
..$[...8)# #∩8A.......∩###
...$A..)A###[...@|.......##
.).[A§###..)###.∩..).....⌠#
...))A# #.0.# #..)∩......§#
......###{..###[..∩....[.⌠#
.[.∩.A{{|###....[........##
...∩.$$8.# #.8........∩###
.__....|.###......___∩##
####.8A...∩..).8.######
#§A$..[......⌠#


You could see 3 daevas and a friendly Executioner (summoned, fast).

Vanquished Creatures
  Mara (D)
  Gloorx Vloq (D)
  Ereshkigal (D)
  Mnoleg (D)
  Lom Lobon (D)
  Tiamat (D)
  5 ancient liches (D)
  4 acid blobs (D)
  3 orbs of fire (D)
  A Killer Klown (D)
  Boris (twice) (D)
  Fannar (D)
  7 golden dragons (D)
  3 Brimstone Fiends (D)
  20 tentacled monstrosities (D)
  10 liches (D)
  13 Orb Guardians (D)
  13 quicksilver dragons (D)
  3 sphinxes (D)
  4 storm dragons (D)
  15 daevas (D)
  3 azure jellies (D)
  2 emperor scorpions (D)
  2 fire giants (D)
  3 iron dragons (D)
  4 balrugs (D)
  14 ghost moths (D)
  An apis (D)
  3 quicksilver oozes (D)
  13 lorocyprocas (D)
  2 deep elf annihilators (D)
  4 eidola (D)
  A naga warrior (D)
  A mummy priest (D)
  A merfolk impaler (D)
  A blizzard demon (D)
  An entropy weaver (D)
  6 merfolk javelineers (D)
  A rakshasa (D)
  A great orb of eyes (D)
  5 merfolk aquamancers (D)
  21 dancing weapons (D)
  4 catoblepae (D)
  3 death yaks (D)
  A satyr (D)
  Urug (D)
  4 sun demons (D)
  9 shadow wraiths (D)
  Nergalle (D)
  A sea snake (shapeshifter) (D)
  3 phantasmal warriors (D)
  A glowing orange brain (shapeshifter) (D)
  10 orb spiders (D)
  2 orc knights (D)
  5 moths of wrath (D)
  3 wolf spiders (D)
  A salamander (shapeshifter) (D)
  32 smoke demons (D)
  A water nymph (D)
  2 hellions (D)
  A yaktaur (shapeshifter) (D)
  2 torpor snails (D)
  6 unseen horrors (D)
  A rime drake (shapeshifter) (D)
  A cane toad (shapeshifter) (D)
  13 tormentors (D)
  7 guardian mummies (D)
  A meliai (shapeshifter) (D)
  A troll (shapeshifter) (D)
  A tarantella (D)
  A tarantella (shapeshifter) (D)
  A wind drake (D)
  4 dream sheep (D)
  2 jumping spiders (D)
  2 culicivoras (D)
  4 slime creatures (D)
  A jumping spider (shapeshifter) (D)
  A hog (shapeshifter) (D)
  3 fire bats (D)
  9 wraiths (D)
  2 fire elementals (D)
  9 neqoxecs (D)
  Menkaure (D)
  2 hell hounds (D)
  4 water moccasins (D)
  12 floating eyes (D)
  4 orc warriors (D)
  Pargi (D)
  8 killer bees (D)
  7 vampire bats (D)
  2 orc priests (D)
  A hell rat (D)
  10 mummies (D)
  A river rat (D)
  A ball python (D)
  A quokka (D)
  A rat (D)
413 creatures vanquished.

Vanquished Creatures (collateral kills)
  A golden dragon (D)
  5 tentacled monstrosities (D)
  A quicksilver dragon (D)
  An iron dragon (D)
  An orb spider (D)
  A phantasmal warrior (D)
  A smoke demon (D)
  3 tormentors (D)
  A floating eye (D)
  An adder (D)
16 creatures vanquished.

Vanquished Creatures (others)
  3 ball lightnings (D)
3 creatures vanquished.

Grand Total: 432 creatures vanquished

Notes
Turn   | Place    | Note
-------+----------+-------------------------------------------
     0 | D        | rocky1 the Demonspawn Gladiator began the quest for the
                  | Orb.
     0 | D        | Reached XP level 1. HP: 16/16 MP: 1/1
     3 | D        | Found a snail-covered altar of Cheibriados.
     3 | D        | Found a sacrificial altar of Ru.
     4 | D        | Found an opulent altar of Gozag.
     4 | D        | Found a basalt altar of Yredelemnul.
     5 | D        | Found a bloodstained altar of Trog.
     5 | D        | Found a hide-covered altar of Uskayaw.
     5 | D        | Round 1.
     6 | D        | Found Xusmowao's Do-It-Yourself Clinic.
     6 | D        | Found Vesmoana's Distillery.
     7 | D        | Found Duunywuu's Bottled Wisdom.
     7 | D        | Found Purycw's Distillery.
    14 | D        | Became a worshipper of Gozag Ym Sagoz the Greedy
    17 | D        | Noticed a water moccasin
    18 | D        | Found a shadowy altar of Dithmenos.
    18 | D        | Found Kannoadgh's Weapon Rack.
    20 | D        | Found Gaisomet's Basic Armour.
    20 | D        | Found Akerr's Miscellaneous Merchandise.
    24 | D        | Killed a water moccasin
    25 | D        | Gained mutation: A weak demonic guardian rushes to your
                  | aid. [demonic ancestry]
    25 | D        | Reached XP level 2. HP: 11/22 MP: 2/2
    25 | D        | Gained mutation: You have a pair of small antennae on your
                  | head. [demonic ancestry]
    25 | D        | Reached XP level 3. HP: 14/27 MP: 3/3
    25 | D        | Gained mutation: You have a pair of antennae on your head.
                  | [demonic ancestry]
    25 | D        | Reached XP level 4. HP: 17/33 MP: 4/4
    25 | D        | Found a shimmering altar of Xom.
    25 | D        | Found a shimmering blue altar of Sif Muna.
    25 | D        | Found Weffugod's Premium Goods.
    31 | D        | Noticed a water moccasin
    39 | D        | Noticed a water moccasin
    40 | D        | Killed a water moccasin
    41 | D        | Gained mutation: Your demonic aura sometimes causes spilled
                  | blood to erupt in flames. [demonic ancestry]
    41 | D        | Reached XP level 5. HP: 31/38 MP: 5/5
    53 | D        | Killed a water moccasin
    54 | D        | Reached XP level 6. HP: 14/44 MP: 6/6
    68 | D        | Found a stormy altar of Qazlal.
    69 | D        | Found a corrupted altar of Lugonu.
    70 | D        | Found an ancient bone altar of Kikubaaqudgha.
    92 | D        | Found Gufiyl's Staff Store.
    93 | D        | Found a burning altar of Makhleb.
    93 | D        | Found an ornate altar of the Wu Jian Council.
    93 | D        | Found Taowuss's Magic Scroll Shop.
    94 | D        | Noticed a water moccasin
    95 | D        | Found Sychauff's Must-Have Magic.
    95 | D        | Found Harenyem's Magic Scroll Shop.
   104 | D        | Killed a water moccasin
   115 | D        | Found a blossoming altar of Fedhas.
   118 | D        | Found Rothaiggu's Identification Station.
   118 | D        | Found a radiant altar of Vehumet.
   118 | D        | Found an iron altar of Okawaru.
   123 | D        | Arena points: 14 (+14) [x2]
   130 | D        | Found Juolonok's Advanced Armour.
   130 | D        | Found Qath's Jewellery.
   155 | D        | Round 2.
   156 | D        | Noticed Pargi
   157 | D        | Bought 4 potions of curing for 84 gold pieces
   157 | D        | Bought 3 potions of heal wounds for 105 gold pieces
   164 | D        | Killed Pargi
   165 | D        | Gained mutation: You are partially covered in slimy green
                  | scales. (AC +2) [demonic ancestry]
   165 | D        | Reached XP level 7. HP: 50/50 MP: 7/7
   336 | D        | Arena points: 26 (+12) [x1]
   351 | D        | Round 3.
   357 | D        | Noticed Menkaure
   362 | D        | Killed Menkaure
   374 | D        | Noticed a guardian mummy
   388 | D        | Killed a guardian mummy
   389 | D        | Reached skill level 15 in Long Blades
   403 | D        | Bought 4 potions of curing for 84 gold pieces
   403 | D        | Bought 3 potions of heal wounds for 105 gold pieces
   405 | D        | Bought 2 potions of experience for 600 gold pieces
   405 | D        | Gained mutation: You have a pair of large antennae on your
                  | head. (SInv) [demonic ancestry]
   405 | D        | Reached XP level 8. HP: 38/60 MP: 8/8
   406 | D        | Reached skill level 5 in Fighting
   406 | D        | Reached skill level 5 in Dodging
   406 | D        | Reached XP level 9. HP: 43/68 MP: 9/9
   477 | D        | Arena points: 68 (+42) [x2]
   553 | D        | Round 4.
   620 | D        | Arena points: 164 (+96) [x3]
   621 | D        | Gained mutation: You are robust. (+10% HP) [demonic
                  | ancestry]
   621 | D        | Reached XP level 10. HP: 66/81 MP: 10/10
   632 | D        | Bought a pair of translucent boots for 332 gold pieces
   632 | D        | Identified the +2 pair of boots of Wasted Space {rF++ rC-
                  | Dex+5} (You bought it in a shop in the Dungeon)
   632 | D        | Bought a pair of masterwork gloves for 332 gold pieces
   632 | D        | Identified the +1 pair of gloves "Iphip" {rElec Will+
                  | rCorr} (You bought it in a shop in the Dungeon)
   640 | D        | Round 5.
   648 | D        | Bought a sparkling turquoise ring for 45 gold pieces
   648 | D        | Identified the ring "Onefyst" {rPois rF+ AC+4} (You bought
                  | it in a shop in the Dungeon)
   648 | D        | Bought a crude golden ring for 45 gold pieces
   648 | D        | Identified the ring "Poinathi" {rF- rC+ Str+2 Int+3 Dex+6}
                  | (You bought it in a shop in the Dungeon)
   648 | D        | Bought a slimy ivory amulet for 45 gold pieces
   648 | D        | Identified the amulet of the Serpent {Faith rElec Regen+}
                  | (You bought it in a shop in the Dungeon)
   663 | D        | Noticed a naga warlord
   696 | D        | Killed a naga warlord
   696 | D        | Arena points: 364 (+200) [x5]
   700 | D        | Got a serpentine rune of Zot
   703 | D        | Reached skill level 5 in Armour
   703 | D        | Gained mutation: A demonic guardian rushes to your aid.
                  | [demonic ancestry]
   703 | D        | Reached XP level 11. HP: 43/89 MP: 11/11
   722 | D        | Bought a +0 triple sword for 300 gold pieces
   864 | D        | Bought a potion of might for 28 gold pieces
   901 | D        | Round 6.
   941 | D        | Noticed a sun demon
   956 | D        | Killed a sun demon
  1031 | D        | Arena points: 688 (+324) [x6]
  1052 | D        | Bought 4 potions of curing for 84 gold pieces
  1052 | D        | Bought 3 potions of heal wounds for 105 gold pieces
  1052 | D        | Bought 3 potions of heal wounds for 105 gold pieces
  1054 | D        | Bought a potion of experience for 300 gold pieces
  1054 | D        | Bought a potion of experience for 300 gold pieces
  1054 | D        | Reached XP level 12. HP: 100/100 MP: 12/12
  1055 | D        | Gained mutation: You are mostly covered in slimy green
                  | scales. (AC +3) [demonic ancestry]
  1055 | D        | Reached XP level 13. HP: 107/107 MP: 13/13
  1109 | D        | Round 7.
  1177 | D        | Noticed an eidolon
  1191 | D        | Killed an eidolon
  1194 | D        | Arena points: 1080 (+392) [x7]
  1242 | D        | Round 8.
  1274 | D        | Arena points: 1656 (+576) [x8]
  1306 | D        | Bought 8 scrolls of enchant weapon for 600 gold pieces
  1306 | D        | Bought a scroll of brand weapon for 95 gold pieces
  1318 | D        | Bought a scroll of enchant weapon for 75 gold pieces
  1319 | D        | Bought 5 scrolls of blinking for 375 gold pieces
  1319 | D        | Bought 3 scrolls of fog for 120 gold pieces
  1333 | D        | Bought 3 potions of haste for 210 gold pieces
  1337 | D        | Round 9.
  1414 | D        | Noticed Urug
  1426 | D        | Killed Urug
  1426 | D        | Arena points: 2466 (+810) [x9]
  1470 | D        | Round 10.
  1474 | D        | Bought an ancient pewter ring for 45 gold pieces
  1474 | D        | Identified the ring "Nagohoho" {Str+4 Int+3 Dex+6} (You
                  | bought it in a shop in the Dungeon)
  1474 | D        | Bought an ancient golden ring for 45 gold pieces
  1474 | D        | Identified the ring "Boonia" {Wiz Drain rElec SInv} (You
                  | bought it in a shop in the Dungeon)
  1474 | D        | Bought a pitted bronze amulet for 45 gold pieces
  1474 | D        | Identified the amulet "Sydijupn" {Reflect Harm rC+ MP-9
                  | SH+5} (You bought it in a shop in the Dungeon)
  1591 | D        | Arena points: 3566 (+1100) [x11]
  1594 | D        | Got a gossamer rune of Zot
  1595 | D        | Reached XP level 14. HP: 114/115 MP: 14/14
  1627 | D        | Bought 3 potions of experience for 900 gold pieces
  1628 | D        | Gained mutation: Your demonic aura often causes spilled
                  | blood to erupt in flames. [demonic ancestry]
  1628 | D        | Reached XP level 15. HP: 123/123 MP: 15/15
  1629 | D        | Reached skill level 10 in Fighting
  1629 | D        | Reached XP level 16. HP: 134/134 MP: 16/16
  1630 | D        | Reached XP level 17. HP: 140/140 MP: 17/17
  1658 | D        | Upgraded the game from 0.30-a0-715-gdb4ae3ece1 to
                  | 0.30-a0-718-geaa24f58ff
  1670 | D        | Bought 3 potions of experience for 900 gold pieces
  1672 | D        | Reached XP level 18. HP: 149/149 MP: 18/18
  1673 | D        | Reached skill level 10 in Armour
  1673 | D        | Reached XP level 19. HP: 157/157 MP: 19/19
  1674 | D        | Gained mutation: Your demonic aura causes all spilled blood
                  | to erupt in flames. [demonic ancestry]
  1674 | D        | Reached XP level 20. HP: 168/168 MP: 20/20
  1775 | D        | Round 11.
  1785 | D        | Gained mutation: Your magical capacity is low. (-10% MP) [a
                  | neqoxec]
  1817 | D        | Gained mutation: You occasionally lose the ability to read
                  | scrolls when taking damage. [a neqoxec]
  1868 | D        | Gained mutation: Your magical capacity is very low. (-20%
                  | MP) [a neqoxec]
  1896 | D        | Gained mutation: You are weak. (Str -2) [a neqoxec]
  1898 | D        | Arena points: 4886 (+1320) [x12]
  1917 | D        | Bought a potion of mutation for 56 gold pieces
  1917 | D        | Bought 3 potions of mutation for 168 gold pieces
  1917 | D        | Bought 2 potions of mutation for 112 gold pieces
  1917 | D        | Bought a potion of mutation for 56 gold pieces
  1919 | D        | Bought 3 potions of mutation for 168 gold pieces
  1919 | D        | Bought 2 potions of mutation for 112 gold pieces
  1919 | D        | Bought a potion of mutation for 56 gold pieces
  1919 | D        | Bought 3 potions of haste for 210 gold pieces
  1920 | D        | Lost mutation: You are weak. (Str -2) [potion of mutation]
  1920 | D        | Lost mutation: Your magical capacity is very low. (-20% MP)
                  | [potion of mutation]
  1920 | D        | Lost mutation: Your magical capacity is low. (-10% MP)
                  | [potion of mutation]
  1920 | D        | Gained mutation: Your mind is acute. (Int +4, Str/Dex -1)
                  | [potion of mutation]
  1920 | D        | Gained mutation: Your body sometimes deteriorates upon
                  | taking damage. [potion of mutation]
  1920 | D        | Gained mutation: You are very robust. (+20% HP) [potion of
                  | mutation]
  1921 | D        | Lost mutation: You occasionally lose the ability to read
                  | scrolls when taking damage. [potion of mutation]
  1921 | D        | Lost mutation: You are very robust. (+20% HP) [potion of
                  | mutation]
  1921 | D        | Gained mutation: Your flesh is heat resistant. (rF+)
                  | [potion of mutation]
  1921 | D        | Gained mutation: A frigid envelope surrounds you and
                  | freezes all who hurt you. [potion of mutation]
  1950 | D        | Round 12.
  1979 | D        | HP: 7/168 [disintegration (41)]
  1987 | D        | HP: 2/168 [disintegration (37)]
  2024 | D        | Arena points: 6602 (+1716) [x13]
  2039 | D        | Round 13.
  2103 | D        | Noticed Nergalle
  2112 | D        | Killed Nergalle
  2205 | D        | Arena points: 6758 (+156) [x1]
  2215 | D        | Round 14.
  2305 | D        | Bought 6 potions of attraction for 126 gold pieces
  2349 | D        | Reached skill level 27 in Long Blades
  2356 | D        | Arena points: 7094 (+336) [x2]
  2383 | D        | Bought +0 gold dragon scales for 960 gold pieces
  2408 | D        | Bought a faintly glowing cloak for 332 gold pieces
  2408 | D        | Identified the +1 cloak "Tiusowy" {+Inv rC- Will+} (You
                  | bought it in a shop in the Dungeon)
  2408 | D        | Bought a polished cloak for 332 gold pieces
  2408 | D        | Identified the +0 cloak "Heuxku Jove" {Regen+} (You bought
                  | it in a shop in the Dungeon)
  2408 | D        | Bought a pair of warped boots for 332 gold pieces
  2408 | D        | Identified the +1 pair of boots of the First Xalams {rC+}
                  | (You bought it in a shop in the Dungeon)
  2408 | D        | Bought a pair of warped gloves for 332 gold pieces
  2408 | D        | Identified the +2 pair of gloves of Hepliaklqana's Reproof
                  | {+Blink rC+ Int-3 SInv} (You bought it in a shop in the
                  | Dungeon)
  2411 | D        | Round 15.
  2423 | D        | Bought 4 scrolls of enchant armour for 300 gold pieces
  2423 | D        | Bought 4 scrolls of enchant armour for 300 gold pieces
  2436 | D        | Noticed Fannar
  2455 | D        | Killed Fannar
  2455 | D        | Arena points: 7754 (+660) [x4]
  2455 | D        | Found the +9 sword of Zonguldrok {reap}
  2456 | D        | Reached skill level 10 in Dodging
  2461 | D        | Got an elven rune of Zot
  2480 | D        | Reached XP level 21. HP: 180/180 MP: 21/21
  2486 | D        | Bought 4 scrolls of enchant armour for 300 gold pieces
  2486 | D        | Bought 4 scrolls of enchant armour for 300 gold pieces
  2500 | D        | Bought a book of Spatial Translocations for 126 gold pieces
  2504 | D        | Learned a level 2 spell: Blink
  2654 | D        | Round 16.
  2792 | D        | Arena points: 8634 (+880) [x5]
  2821 | D        | Bought a flickering iron ring for 45 gold pieces
  2821 | D        | Identified the ring of Jazexa {rF+ rC- MP+9 Dex+6 Slay+3}
                  | (You bought it in a shop in the Dungeon)
  2821 | D        | Bought a translucent platinum ring for 45 gold pieces
  2821 | D        | Identified the ring of Odwahieh {Ice Dex-4 Slay+5} (You
                  | bought it in a shop in the Dungeon)
  2821 | D        | Bought a wavering bronze ring for 45 gold pieces
  2821 | D        | Identified the ring of Accord {Ice Dex+4} (You bought it in
                  | a shop in the Dungeon)
  2821 | D        | Bought a transparent platinum ring for 45 gold pieces
  2821 | D        | Identified the ring "Zuliun" {+Blink Dex+6} (You bought it
                  | in a shop in the Dungeon)
  2821 | D        | Bought an ancient tin ring for 45 gold pieces
  2821 | D        | Identified the ring "Tyolad" {rC+ Will+ EV+5 Dex-5} (You
                  | bought it in a shop in the Dungeon)
  2821 | D        | Bought a steaming ivory ring for 45 gold pieces
  2821 | D        | Identified the ring "Raitan" {rF+ rCorr Str+3} (You bought
                  | it in a shop in the Dungeon)
  2821 | D        | Bought a flickering steel ring for 45 gold pieces
  2821 | D        | Identified the ring of Zarun {rElec rF+ rCorr Dex+4} (You
                  | bought it in a shop in the Dungeon)
  2821 | D        | Bought a steaming amber ring for 45 gold pieces
  2821 | D        | Identified the ring of Zasyg {rC+ rN+ Stlth+} (You bought
                  | it in a shop in the Dungeon)
  2821 | D        | Bought a smoking amber ring for 45 gold pieces
  2821 | D        | Identified the ring "Genul" {Fly rF++ Int+6} (You bought it
                  | in a shop in the Dungeon)
  2821 | D        | Bought a flickering tin ring for 45 gold pieces
  2821 | D        | Identified the ring "Touc Xupue" {Fly Will+ Dex+2} (You
                  | bought it in a shop in the Dungeon)
  2821 | D        | Bought a coiled silver ring for 45 gold pieces
  2821 | D        | Identified the ring of Wishful Thinking {rPois Str+3 Int+3
                  | Dex+3} (You bought it in a shop in the Dungeon)
  2848 | D        | Round 17.
  2856 | D        | HP: 8/183 [??? (3)]
  2857 | D        | Reached skill level 15 in Fighting
  2861 | D        | HP: 9/184 [??? (4)]
  2870 | D        | HP: 9/184 [??? (4)]
  2899 | D        | Arena points: 10368 (+1734) [x6]
  2900 | D        | Reached XP level 22. HP: 39/193 MP: 22/22
  2930 | D        | Round 18.
  2937 | D        | Bought 4 potions of curing for 84 gold pieces
  2937 | D        | Bought 4 potions of curing for 84 gold pieces
  2937 | D        | Bought 3 potions of heal wounds for 105 gold pieces
  2937 | D        | Bought 3 potions of heal wounds for 105 gold pieces
  2937 | D        | Bought 3 potions of heal wounds for 105 gold pieces
  2937 | D        | Bought 3 potions of heal wounds for 105 gold pieces
  2937 | D        | Bought 3 potions of heal wounds for 105 gold pieces
  2937 | D        | Bought 3 potions of heal wounds for 105 gold pieces
  2937 | D        | Bought 3 potions of heal wounds for 105 gold pieces
  2937 | D        | Bought 3 potions of heal wounds for 105 gold pieces
  2961 | D        | Bought 6 potions of resistance for 420 gold pieces
  2961 | D        | Bought 6 potions of resistance for 420 gold pieces
  2961 | D        | Bought 6 potions of attraction for 126 gold pieces
  2961 | D        | Bought 5 potions of haste for 350 gold pieces
  2961 | D        | Bought 4 potions of haste for 280 gold pieces
  2983 | D        | Paralysed by a sphinx for 5 turns
  3073 | D        | Arena points: 12132 (+1764) [x7]
  3107 | D        | Round 19.
  3177 | D        | Arena points: 14108 (+1976) [x8]
  3192 | D        | Round 20.
  3223 | D        | Reached skill level 15 in Armour
  3241 | D        | Identified the +1 cloak of the Robin {rPois} (You found it
                  | in the Dungeon)
  3241 | D        | Arena points: 16708 (+2600) [x10]
  3242 | D        | Reached skill level 15 in Dodging
  3247 | D        | Got a slimy rune of Zot
  3248 | D        | Gained mutation: You are very robust. (+20% HP) [demonic
                  | ancestry]
  3248 | D        | Reached XP level 23. HP: 123/228 MP: 23/23
  3312 | D        | Bought 5 potions of haste for 1000 gold pieces
  3312 | D        | Bought 5 potions of haste for 1000 gold pieces
  3312 | D        | Bought 5 potions of heal wounds for 500 gold pieces
  3312 | D        | Bought 5 potions of heal wounds for 500 gold pieces
  3312 | D        | Bought a quad damage for 400 gold pieces
  3312 | D        | Bought a quad damage for 400 gold pieces
  3312 | D        | Bought a quad damage for 400 gold pieces
  3312 | D        | Bought a +8 arbalest of flaming for 1002 gold pieces
  3312 | D        | Bought a potion of cancellation for 160 gold pieces
  3354 | D        | Bought 3 scrolls of silence for 285 gold pieces
  3354 | D        | Bought 4 scrolls of blinking for 300 gold pieces
  3354 | D        | Bought 3 scrolls of blinking for 225 gold pieces
  3419 | D        | Round 21.
  3458 | D        | Noticed an ancient lich
  3467 | D        | Noticed an ancient lich
  3468 | D        | Noticed Boris
  3476 | D        | Killed an ancient lich
  3487 | D        | Killed Boris
  3491 | D        | Killed an ancient lich
  3528 | D        | Noticed Boris
  3533 | D        | Noticed an ancient lich
  3536 | D        | Noticed an ancient lich
  3542 | D        | Killed Boris
  3564 | D        | Killed an ancient lich
  3565 | D        | Reached skill level 5 in Evocations
  3570 | D        | Killed an ancient lich
  3582 | D        | Arena points: 20404 (+3696) [x11]
  3610 | D        | Round 22.
  3616 | D        | Noticed an orb of fire
  3626 | D        | HP: 11/240 [Brimstone Fiend/damnation (25)]
  3638 | D        | Gained mutation: You occasionally shout uncontrollably at
                  | your foes. [an orb of fire]
  3649 | D        | Killed an orb of fire
  3658 | D        | Reached skill level 10 in Evocations
  3673 | D        | Arena points: 24628 (+4224) [x12]
  3702 | D        | Bought a scroll of blinking for 240 gold pieces
  3702 | D        | Bought a phial of floods for 1280 gold pieces
  3702 | D        | Bought a sedimented coppery potion for 28 gold pieces
  3702 | D        | Bought a sedimented coppery potion for 28 gold pieces
  3716 | D        | Bought 3 scrolls of identify for 150 gold pieces
  3718 | D        | Round 23.
  3855 | D        | Arena points: 29412 (+4784) [x13]
  3905 | D        | Round 24.
  3952 | D        | Arena points: 34452 (+5040) [x14]
  3990 | D        | Round 25.
  4005 | D        | Noticed Mara
  4017 | D        | Noticed rocky1's illusion
  4019 | D        | Killed Mara
  4019 | D        | Arena points: 40452 (+6000) [x16]
  4023 | D        | Got a silver rune of Zot
  4024 | D        | Gained mutation: You are extremely robust. (+30% HP)
                  | [demonic ancestry]
  4024 | D        | Reached XP level 24. HP: 248/279 MP: 23/23
  4050 | D        | Bought distressingly furry pearl dragon scales for 4761
                  | gold pieces
  4050 | D        | Identified the +3 pearl dragon scales of the Barracuda {rF-
                  | rN+ Will+++ rCorr Stlth+} (You bought it in a shop in the
                  | Dungeon)
  4081 | D        | Bought a masterwork buckler for 332 gold pieces
  4081 | D        | Identified the +1 buckler of Teruicu {*Corrode MP+9 Slay+4
                  | SInv} (You bought it in a shop in the Dungeon)
  4081 | D        | Bought a shimmering kite shield for 332 gold pieces
  4081 | D        | Identified the +0 kite shield of Articulation {Harm Int+3
                  | Dex-3 Slay+2} (You bought it in a shop in the Dungeon)
  4081 | D        | Bought a warped buckler for 332 gold pieces
  4081 | D        | Identified the +0 buckler "Roubrug" {Rampage rC+} (You
                  | bought it in a shop in the Dungeon)
  4199 | D        | Round 26.
  4281 | D        | Reached skill level 15 in Evocations
  4324 | D        | Arena points: 50176 (+9724) [x17]
  4382 | D        | Round 27.
  4389 | D        | Found the +4 dragonskin cloak
  4389 | D        | Noticed Tiamat
  4405 | D        | Bought 3 scrolls of silence for 285 gold pieces
  4405 | D        | Bought 5 scrolls of fog for 200 gold pieces
  4405 | D        | Bought 5 scrolls of blinking for 375 gold pieces
  4405 | D        | Bought 4 scrolls of blinking for 300 gold pieces
  4405 | D        | Bought 3 scrolls of blinking for 225 gold pieces
  4423 | D        | Noticed an orb of fire
  4450 | D        | Killed Tiamat
  4450 | D        | Noticed an ancient lich
  4453 | D        | Lost mutation: Your mind is acute. (Int +4, Str/Dex -1) [an
                  | orb of fire]
  4456 | D        | Gained mutation: You are clumsy. (Dex -2) [an orb of fire]
  4468 | D        | Noticed an orb of fire
  4468 | D        | Gained mutation: Your magical capacity is low. (-10% MP)
                  | [an orb of fire]
  4469 | D        | Killed an orb of fire
  4477 | D        | Gained mutation: You are completely covered in slimy green
                  | scales. (AC +4, rPois) [demonic ancestry]
  4477 | D        | Reached XP level 25. HP: 65/296 MP: 20/20
  4490 | D        | Killed an ancient lich
  4491 | D        | Gained mutation: Armour fits poorly on your strangely
                  | shaped body. [an orb of fire]
  4492 | D        | Noticed a Killer Klown
  4494 | D        | Killed an orb of fire
  4502 | D        | Killed a Killer Klown
  4529 | D        | Arena points: 61354 (+11178) [x18]
  4664 | D        | Bought a scroll of silence for 218 gold pieces
  4666 | D        | Bought a scroll of identify for 88 gold pieces
  4666 | D        | Bought a potion of cancellation for 352 gold pieces
  4666 | D        | Bought a scroll labelled WOBY GOSIO for 44 gold pieces
  4721 | D        | Round 28.
  4784 | D        | Arena points: 69866 (+8512) [x19]
  4808 | D        | Round 29.
  4892 | D        | Reached skill level 27 in Fighting
  4899 | D        | Reached skill level 5 in Throwing
  4989 | D        | Arena points: 80306 (+10440) [x20]
  5006 | D        | Bought a potion of resistance for 300 gold pieces
  5006 | D        | Bought a tin of tremorstones (2/2) for 1200 gold pieces
  5006 | D        | Bought a scroll labelled NOITOE RUXEOPTENLO for 30 gold
                  | pieces
  5016 | D        | Round 30.
  5018 | D        | Noticed Mnoleg
  5037 | D        | Paralysed by a floating eye for 2 turns
  5045 | D        | Killed Mnoleg
  5045 | D        | Arena points: 90866 (+10560) [x22]
  5048 | D        | Got a glowing rune of Zot
  5053 | D        | Reached XP level 26. HP: 272/314 MP: 16/20
  5054 | D        | Lost mutation: Armour fits poorly on your strangely shaped
                  | body. [potion of mutation]
  5054 | D        | Lost mutation: Your flesh is heat resistant. (rF+) [potion
                  | of mutation]
  5054 | D        | Gained mutation: You possess an exceptional clarity of
                  | mind. [potion of mutation]
  5054 | D        | Gained mutation: You have hidden genetic potential. [potion
                  | of mutation]
  5119 | D        | Bought 6 potions of resistance for 420 gold pieces
  5119 | D        | Bought 6 potions of resistance for 420 gold pieces
  5119 | D        | Bought 6 potions of might for 168 gold pieces
  5119 | D        | Bought 5 potions of haste for 350 gold pieces
  5119 | D        | Bought 4 potions of haste for 280 gold pieces
  5121 | D        | Bought 6 potions of might for 168 gold pieces
  5220 | D        | Round 31.
  5290 | D        | Arena points: 103700 (+12834) [x23]
  5305 | D        | Round 32.
  5341 | D        | Paralysed by a floating eye for 3 turns
  5349 | D        | Paralysed by a floating eye for 4 turns
  5359 | D        | Reached skill level 10 in Throwing
  5428 | D        | Paralysed by a floating eye for 4 turns
  5435 | D        | Paralysed by a floating eye for 2 turns
  5441 | D        | Paralysed by a floating eye for 3 turns
  5453 | D        | Arena points: 119828 (+16128) [x24]
  5496 | D        | Round 33.
  5519 | D        | Noticed Ereshkigal
  5529 | D        | Killed Ereshkigal
  5529 | D        | Arena points: 134414 (+14586) [x26]
  5530 | D        | Reached skill level 27 in Armour
  5534 | D        | Got a bone rune of Zot
  5535 | D        | Gained mutation: A powerful demonic guardian rushes to your
                  | aid. [demonic ancestry]
  5535 | D        | Reached XP level 27. HP: 75/323 MP: 20/20
  5712 | D        | Bought a scroll labelled GUUNNE ITZEUSA for 35 gold pieces
  5712 | D        | Bought a scroll of identify for 70 gold pieces
  5712 | D        | Bought a lightning rod (4/4) for 1050 gold pieces
  5712 | D        | Bought a pair of scorched boots for 332 gold pieces
  5712 | D        | Identified the +1 pair of boots of the Hurtling Gods {Drain
                  | +Inv rElec rN++} (You bought it in a shop in the Dungeon)
  5742 | D        | Round 34.
  5763 | D        | Noticed a royal mummy
  5766 | D        | Noticed a royal mummy
  5766 | D        | Noticed a royal mummy
  5766 | D        | Noticed a royal mummy
  5770 | D        | Noticed a royal mummy
  5773 | D        | Noticed a royal mummy
  5798 | D        | HP: 16/323 [??? (7)]
  5800 | D        | Arena points: 138086 (+3672) [x27]
  5814 | D        | Round 35.
  5825 | D        | Paralysed by a floating eye for 3 turns
  5832 | D        | Paralysed by a floating eye for 2 turns
  5843 | D        | Reached skill level 27 in Dodging
  5844 | D        | Paralysed by a floating eye for 4 turns
  5852 | D        | Paralysed by a floating eye for 2 turns
  5859 | D        | Paralysed by a floating eye for 2 turns
  5860 | D        | Reached skill level 15 in Throwing
  5868 | D        | Paralysed by a floating eye for 3 turns
  5879 | D        | Paralysed by a floating eye for 2 turns
  5882 | D        | Arena points: 156706 (+18620) [x28]
  5897 | D        | Round 36.
  5940 | D        | Noticed Lom Lobon
  5953 | D        | Killed Lom Lobon
  5953 | D        | Arena points: 176146 (+19440) [x30]
  5961 | D        | Got a magical rune of Zot
  5994 | D        | Bought a potion of heal wounds for 70 gold pieces
  5994 | D        | Bought a potion of ambrosia for 112 gold pieces
  5994 | D        | Bought a potion of heal wounds for 70 gold pieces
  5994 | D        | Bought a potion of ambrosia for 112 gold pieces
  6028 | D        | Lost mutation: A frigid envelope surrounds you and freezes
                  | all who hurt you. [potion of mutation]
  6028 | D        | Lost mutation: You are clumsy. (Dex -2) [potion of
                  | mutation]
  6028 | D        | Gained mutation: You have a somewhat thin skeletal
                  | structure. (Dex +2, Stealth+) [potion of mutation]
  6028 | D        | Lost mutation: You possess an exceptional clarity of mind.
                  | [potion of mutation]
  6028 | D        | Gained mutation: You are clumsy. (Dex -2) [potion of
                  | mutation]
  6028 | D        | Gained mutation: You have sharp toenails. [potion of
                  | mutation]
  6164 | D        | Round 37.
  6180 | D        | Reached skill level 1 in Ranged Weapons
  6226 | D        | Reached skill level 5 in Ranged Weapons
  6231 | D        | Reached skill level 27 in Evocations
  6287 | D        | Arena points: 204821 (+28675) [x31]
  6362 | D        | Round 38.
  6369 | D        | Reached skill level 10 in Ranged Weapons
  6462 | D        | Reached skill level 15 in Ranged Weapons
  6522 | D        | Arena points: 242517 (+37696) [x32]
  6568 | D        | Round 39.
  6569 | D        | Noticed Gloorx Vloq
  6588 | D        | Killed Gloorx Vloq
  6588 | D        | Arena points: 267711 (+25194) [x34]
  6591 | D        | Got a dark rune of Zot
  6806 | D        | Bought a book of Hexes for 252 gold pieces
  6806 | D        | Bought Ozocubu's Autobiography for 168 gold pieces
  6806 | D        | Bought a book of Blasting for 280 gold pieces
  6806 | D        | Bought a book of the Moon for 280 gold pieces
  6806 | D        | Bought a book of Chaos for 350 gold pieces
  6806 | D        | Bought a book of Power for 294 gold pieces
  6806 | D        | Bought a Necronomicon for 392 gold pieces
  6806 | D        | Bought a Grand Grimoire for 238 gold pieces
  6806 | D        | Bought a book of Annihilations for 420 gold pieces
  6806 | D        | Bought a book of Burglary for 140 gold pieces
  6806 | D        | Bought a book of the Earth for 252 gold pieces
  6806 | D        | Bought a book of Displacement for 154 gold pieces
  6806 | D        | Bought a book of the Sky for 308 gold pieces
  6806 | D        | Bought a book of Death for 308 gold pieces
  6806 | D        | Bought a book of Hexes for 252 gold pieces
  6806 | D        | Bought a book of the Wilderness for 266 gold pieces
  6808 | D        | Round 40.
  6964 | D        | Identified the +8 tower shield of Boredom {Int+3}
  6970 | D        | HP: 11/323 [daeva/divine providence (11)]
  6986 | D        | HP: 16/323 [daeva/divine providence (11)]
  6986 | D        | HP: 3/323 [daeva/divine providence (13)]
  6987 | D        | Killed from afar by a daeva

Illustrated notes

Levels and vault maps discovered:
D:        arena_sprint

Skill      XL: |  1  2  3  4  5  6  7  8  9 10 11 12 13 14 15 16 17 18 19 20 21 22 23 24 25 26 27 |
---------------+----------------------------------------------------------------------------------+-----
Long Blades    | 8 11 12 13 16 17 18 20 23 27 | 27.0
Fighting       | 4 5 6 7 8 10 11 12 13 15 17 23 25 27 | 27.0
Armour         | 2 4 5 6 7 9 10 11 13 16 21 23 25 27 | 27.0
Dodging        | 4 5 6 7 8 9 10 12 15 20 22 25 26 27 | 27.0
Throwing       | 2 7 12 26 | 26.8
Evocations     | 14 17 21 23 27 | 27.0
Spellcasting   | 3 |  3.6
Ranged Weapons | 21 | 21.3

Action                     |  1- 3 |  4- 6 |  7- 9 | 10-12 | 13-15 | 16-18 | 19-21 | 22-24 | 25-27 || total
---------------------------+-------+-------+-------+-------+-------+-------+-------+-------+-------++-------
  Melee: Long sword        |     1 |    23 |    56 |    26 |       |       |       |       |       ||   106
         Punch             |       |     1 |       |     1 |       |       |       |       |       ||     2
         Triple sword      |       |       |       |    34 |    97 |       |   167 |   355 |   554 ||  1207
  Throw: Throwing net      |       |     3 |       |       |       |       |       |       |       ||     3
         Javelin           |       |       |     2 |       |       |       |       |       |       ||     2
 Invoke: Call Merchant     |       |       |       |       |       |       |       |     3 |     9 ||    12
  Evoke: Wand              |     3 |     7 |       |       |       |       |       |     1 |       ||    11
         Quad damage       |       |       |       |       |       |       |       |       |     2 ||     2
         Tin of tremorston |       |       |       |       |       |       |       |       |     2 ||     2
    Use: Potion            |       |     4 |     5 |     7 |     3 |     3 |     8 |    13 |    39 ||    82
         Scroll            |       |       |       |       |    10 |       |    15 |     5 |    10 ||    40
   Stab: Invisible         |       |     2 |       |       |       |       |       |       |       ||     2
         Held in net/web   |       |     1 |       |       |       |       |       |       |       ||     1
         Distracted        |       |       |     1 |     1 |     1 |       |     4 |     7 |    19 ||    33
 Armour: Leather armour    |     1 |     3 |     6 |    16 |    33 |       |       |       |       ||    59
         Plate armour      |       |       |       |       |       |       |    21 |       |       ||    21
         Gold dragon scale |       |       |       |       |       |       |    52 |   236 |       ||   288
         Pearl dragon scal |       |       |       |       |       |       |       |    32 |   366 ||   398
  Dodge: Dodged            |     2 |     8 |    26 |    34 |    91 |       |    41 |   190 |   832 ||  1224

Table legend: (Time is in decaauts)
 A = Elapsed time spent in this place.
 B = Non-inter-level travel time spent in this place.
 C = Inter-level travel time spent in this place.
 D = Time resting spent in this place.
 E = Time spent auto-exploring this place.
 F = Levels seen in this place.
 G = Mean time per level.
                   A        B        C        D        E       F      G
               +--------+--------+--------+--------+--------+-----+--------+
         Total |   6559 |   6484 |     75 |   1603 |      0 |   1 | 6559.0 |
       Dungeon |   6559 |   6484 |     75 |   1603 |      0 |   1 | 6559.0 |
               +--------+--------+--------+--------+--------+-----+--------+

Top non-repeatable levels by time:
       D: 6559 daAuts
